| TOP OF THE 1ST |
|
Boston Red Sox batting - Pitching for Texas Rangers : RHP Catfish Hunter
|
|
Pitching: RHP Catfish Hunter
|
|
|
Batting: SHB Dave Collins
|
0-0: Called Strike 0-1: Ball 1-1: Foul Ball, location: 2F 1-2: Ball 2-2: Ball 3-2: Foul Ball, location: 2F 3-2: Base on Balls
|
|
Batting: LHB Willie Aikens
|
0-0: Ball 1-0: Ball 2-0: Ball 3-0: Called Strike 3-1: Foul Ball, location: 2F 3-2: Base on Balls Dave Collins to second
|
|
Batting: LHB George Brett
|
0-0: Ball 1-0: Grounds into double play, 4-6-3 (Groundball, 4MS, EV 88.8 MPH) Dave Collins to third
|
|
Batting: LHB Claudell Washington
|
0-0: Ground out 1-3 (Groundball, 13S, EV 68.1 MPH)
|
| Top of the 1st over - 0 runs, 0 hits, 0 errors, 1 left on base; Boston 0 - Texas 0 |
| BOTTOM OF THE 1ST |
|
Texas Rangers batting - Pitching for Boston Red Sox : LHP Gary Perritt
|
|
Pitching: LHP Gary Perritt
|
|
|
Batting: SHB Ron Roenicke
|
0-0: Ball 1-0: Ball 2-0: Called Strike 2-1: Ball 3-1: Ground out 2-3 (Groundball, 2R, EV 67.5 MPH)
|
|
Batting: RHB Juan Rodriguez
|
0-0: Called Strike 0-1: Called Strike 0-2: Fly out, F4 (Line Drive, 4, EV 71.9 MPH)
|
|
Batting: LHB Jody Helser
|
0-0: Foul Ball, location: 2F 0-1: Ball 1-1: SINGLE (Line Drive, 7LM, EV 103.1 MPH)
|
|
Batting: RHB Steve Garvey
|
0-0: Called Strike 0-1: Foul Ball, location: 2F 0-2: Ball 1-2: Foul Ball, location: 2F 1-2: Foul Ball, location: 2F 1-2: Ground out 4-3 (Groundball, 34, EV 77.5 MPH)
|
| Bottom of the 1st over - 0 runs, 1 hit, 0 errors, 1 left on base; Boston 0 - Texas 0 |
| TOP OF THE 2ND |
|
Boston Red Sox batting - Pitching for Texas Rangers : RHP Catfish Hunter
|
|
Batting: LHB Ted May
|
0-0: Called Strike 0-1: Called Strike 0-2: Foul Ball, location: 2F 0-2: Ball 1-2: Ball 2-2: Fly out, F8 (Line Drive, 8LM, EV 103.1 MPH)
|
|
Batting: LHB Daryl Sconiers
|
0-0: Called Strike 0-1: Swinging Strike 0-2: Ball
|
|
|